PCL
MEXICO CITY CERVECEROS @ HOUSTON HAMMERTIME
07/24/2030
 
TOP OF THE 1ST
Mexico City Cerveceros batting - Pitching for Houston Hammertime : RHP Jun Kawashima
Pitching: RHP Jun Kawashima
Batting: RHB Ricardo Remedios 0-0: SOLO HOME RUN (Flyball, 7D), Distance : 359 ft
Batting: RHB Robinson Pacheco 0-0: Ground out 6-3 (Groundball, 56)
Batting: LHB Mike Harris 0-0: Called Strike
0-1: Ball
1-1: Called Strike
1-2: Ball
2-2: Fly out, F8 (Flyball, 8RS)
Batting: LHB John Bond 0-0: Called Strike
0-1: Foul Ball, location: 2F
0-2: Ball
1-2: Foul Ball, location: 2F
1-2: Strikes out looking
Top of the 1st over - 1 run, 1 hit, 0 errors, 0 left on base; Mexico City 1 - Houston 0
BOTTOM OF THE 1ST
Houston Hammertime batting - Pitching for Mexico City Cerveceros : RHP Luis Castillo
Pitching: RHP Luis Castillo
Batting: RHB Jorge Barbosa 0-0: Ball
1-0: Ball
2-0: Ball
3-0: Called Strike
3-1: Base on Balls
Batting: RHB Juan Carlos 0-0: Ground out U3 (Groundball, 3)
Jorge Barbosa to second
Batting: LHB Francisco Cardenas 0-0: Ball
1-0: Called Strike
1-1: Fly out, F7 (Flyball, 7)
Batting: LHB Marcos Cantú 0-0: Called Strike
0-1: Foul Ball, location: 2F
0-2: Ball
1-2: Ball
2-2: Ball
3-2: SINGLE (Groundball, 34S) (infield hit)
Jorge Barbosa to third
Batting: RHB José García 0-0: Ball
1-0: Ball
2-0: Ground out 4-3 (Groundball, 4)
Bottom of the 1st over - 0 runs, 1 hit, 0 errors, 2 left on base; Mexico City 1 - Houston 0
TOP OF THE 2ND
Mexico City Cerveceros batting - Pitching for Houston Hammertime : RHP Jun Kawashima
Batting: RHB Esteban Concepción 0-0: SINGLE (Flyball, 9LS)
Batting: RHB Juan Brieno 0-0: Swinging Strike
0-1: Called Strike
0-2: Ball
1-2: Ball
2-2: Foul Ball, location: 2F
2-2: Ball
3-2: SINGLE (Line Drive, 78M)
Esteban Concepción to second
Esteban Concepción to third
Batting: RHB Eliot James 0-0: Ball
1-0: Ball
2-0: Ball
3-0: Base on Balls
Juan Brieno to second
Batting: RHB Mitchell Pate 0-0: Ball
1-0: Ball
2-0: Ball
3-0: Called Strike
3-1: Base on Balls
Esteban Concepción scores
Juan Brieno to third
Eliot James to second
Batting: RHB Sergio Gómez 0-0: Ball
1-0: Fly out, F4 (Popup, 34)
Batting: RHB Ricardo Remedios 0-0: Ball
1-0: Called Strike
1-1: Ball
2-1: Grounds into double play, 6-4-3 (Groundball, 6D)
Top of the 2nd over - 1 run, 2 hits, 0 errors, 2 left on base; Mexico City 2 - Houston 0
BOTTOM OF THE 2ND
Houston Hammertime batting - Pitching for Mexico City Cerveceros : RHP Luis Castillo
Batting: LHB Dave Gordon 0-0: Ball
1-0: Called Strike
1-1: Foul Ball, location: 2F
1-2: Fly out, F9 (Flyball, 9S)
Batting: SHB Glenn Vadnais 0-0: Fly out, F8 (Flyball, 78M)
Batting: RHB Raúl Salas 0-0: Called Strike
0-1: SINGLE (Flyball, 78M)
Batting: LHB David Adams 0-0: Ball
1-0: Ball
2-0: Ball
3-0: Base on Balls
Raúl Salas to second
Batting: RHB Jorge Barbosa 0-0: Ball
1-0: Called Strike
1-1: Ball
2-1: Fielders Choice at 2nd, 5-4 (Groundball, 56)
Bottom of the 2nd over - 0 runs, 1 hit, 0 errors, 2 left on base; Mexico City 2 - Houston 0
TOP OF THE 3RD
Mexico City Cerveceros batting - Pitching for Houston Hammertime : RHP Jun Kawashima
Batting: RHB Robinson Pacheco 0-0: Called Strike
0-1: Ground out 6-3 (Groundball, 6S)
Batting: LHB Mike Harris 0-0: Ball
1-0: Foul Ball, location: 2F
1-1: Foul Ball, location: 2F
1-2: Ball
2-2: Strikes out looking
Batting: LHB John Bond 0-0: Foul Ball, location: 2F
0-1: Ball
1-1: Called Strike
1-2: Strikes out swinging, 2-3 out at first.
Top of the 3rd over - 0 runs, 0 hits, 0 errors, 0 left on base; Mexico City 2 - Houston 0
BOTTOM OF THE 3RD
Houston Hammertime batting - Pitching for Mexico City Cerveceros : RHP Luis Castillo
Batting: RHB Juan Carlos 0-0: Foul Ball, location: 2F
0-1: Ball
1-1: Ball
2-1: Called Strike
2-2: DOUBLE (Line Drive, 7D)
Batting: LHB Francisco Cardenas 0-0: Ball
1-0: Fly out, F7 (Flyball, 7S)
Batting: LHB Marcos Cantú 0-0: Foul Ball, location: 2F
0-1: Ball
1-1: Called Strike
1-2: Ball
2-2: Ball
3-2: Foul Ball, location: 2F
3-2: 2-RUN HOME RUN (Flyball, 7LD), Distance : 346 ft
Batting: RHB José García 0-0: Ball
1-0: Called Strike
1-1: Ball
2-1: SINGLE (Groundball, 6MD)
Batting: LHB Dave Gordon 0-0: Called Strike
José García steals 2nd base
0-1: Ground out 6-3 (Groundball, 6M)
José García to third
Batting: SHB Glenn Vadnais 0-0: Foul Ball, location: 2F
0-1: Ball
1-1: Ball
2-1: Foul Ball, location: 2F
2-2: Fly out, F7 (Line Drive, 7)
Bottom of the 3rd over - 2 runs, 3 hits, 0 errors, 1 left on base; Mexico City 2 - Houston 2
TOP OF THE 4TH
Mexico City Cerveceros batting - Pitching for Houston Hammertime : RHP Jun Kawashima
Batting: RHB Esteban Concepción 0-0: Ball
1-0: Ball
2-0: Ball
3-0: Called Strike
3-1: Foul Ball, location: 2F
3-2: Foul Ball, location: 2F
3-2: Base on Balls
Batting: RHB Juan Brieno 0-0: Called Strike
0-1: Ball
1-1: Foul Ball, location: 2F
1-2: Strikes out swinging
Batting: RHB Eliot James 0-0: Ball
1-0: Called Strike
Pickoff Throw by Catcher to First - Error! E2
Esteban Concepción to second
1-1: Ball
2-1: SINGLE (Line Drive, 9S)
Esteban Concepción to third
Runner from 3rd tries for Home, SAFE, no throw
Batting: RHB Mitchell Pate 0-0: Fly out, F7 (Flyball, 78D)
Batting: RHB Sergio Gómez 0-0: Ball
1-0: SINGLE (Line Drive, 6MD)
Eliot James to second
Batting: RHB Ricardo Remedios 0-0: Ball
1-0: Fly out, F7 (Flyball, 7)
Top of the 4th over - 1 run, 2 hits, 1 error, 2 left on base; Mexico City 3 - Houston 2
BOTTOM OF THE 4TH
Houston Hammertime batting - Pitching for Mexico City Cerveceros : RHP Luis Castillo
Batting: RHB Raúl Salas 0-0: Ball
1-0: Ball
2-0: Foul Ball, location: 2F
2-1: Called Strike
2-2: Foul Ball, location: 2F
2-2: Foul Ball, location: 2F
2-2: Foul Ball, location: 2F
2-2: Strikes out swinging, 2-3 out at first.
Batting: LHB David Adams 0-0: Called Strike
0-1: Ball
1-1: SINGLE (Line Drive, 6MD)
Batting: RHB Jorge Barbosa 0-0: Ball
1-0: Hit by Pitch
David Adams to second
Batting: RHB Juan Carlos 0-0: Called Strike
David Adams is caught stealing 3rd base
0-1: Ball
1-1: Swinging Strike
1-2: SINGLE (Groundball, 34D)
Jorge Barbosa to second
Runner from 2nd tries for 3rd, SAFE, no throw
Batting: LHB Francisco Cardenas 0-0: Called Strike
0-1: Fly out, F2 (Popup, 23F)
Bottom of the 4th over - 0 runs, 2 hits, 0 errors, 2 left on base; Mexico City 3 - Houston 2
TOP OF THE 5TH
Mexico City Cerveceros batting - Pitching for Houston Hammertime : RHP Jun Kawashima
Batting: RHB Robinson Pacheco 0-0: Ball
1-0: Ball
2-0: Ball
3-0: Called Strike
3-1: Base on Balls
Batting: LHB Mike Harris 0-0: Called Strike
0-1: Called Strike
0-2: Ball
1-2: Ball
Wild Pitch!
Robinson Pacheco to second
2-2: Foul Ball, location: 2F
2-2: Ball
3-2: Fly out, F1 (Popup, 15)
Batting: LHB John Bond 0-0: Intentional Walk
Batting: RHB Esteban Concepción 0-0: Ball
1-0: Swinging Strike
1-1: Called Strike
1-2: Foul Ball, location: 2F
1-2: Ball
2-2: Foul Ball, location: 2F
2-2: Foul Ball, location: 2F
2-2: Foul Ball, location: 2F
2-2: Strikes out swinging
Batting: RHB Juan Brieno 0-0: Swinging Strike
0-1: Ball
1-1: Foul Ball, location: 2F
1-2: Foul Ball, location: 2F
1-2: 3-RUN HOME RUN (Flyball, 9LD), Distance : 345 ft
Batting: RHB Eliot James 0-0: Ball
1-0: Swinging Strike
1-1: Foul Ball, location: 2F
1-2: Ball
2-2: Foul Ball, location: 2F
2-2: Foul Ball, location: 2F
2-2: Ball
3-2: Base on Balls
Pitching: RHP António Galindo
Batting: RHB Mitchell Pate 0-0: Called Strike
0-1: Fly out, F4 (Popup, 4S)
Top of the 5th over - 3 runs, 1 hit, 0 errors, 1 left on base; Mexico City 6 - Houston 2
BOTTOM OF THE 5TH
Houston Hammertime batting - Pitching for Mexico City Cerveceros : RHP Luis Castillo
Batting: LHB Marcos Cantú 0-0: Ball
1-0: Foul Ball, location: 2F
1-1: Called Strike
1-2: Foul Ball, location: 2F
1-2: Ball
2-2: Foul Ball, location: 2F
2-2: Ball
3-2: Ground out 6-3 (Groundball, 6S)
Pitching: RHP David Sheppard
Batting: RHB José García 0-0: Called Strike
0-1: SINGLE (Groundball, 56D)
Batting: LHB Dave Gordon 0-0: Ball
1-0: 2-RUN HOME RUN (Flyball, 9LD), Distance : 324 ft
Batting: SHB Glenn Vadnais 0-0: Called Strike
0-1: Foul Ball, location: 2F
0-2: Strikes out swinging
Batting: RHB Raúl Salas 0-0: Ball
1-0: Foul Ball, location: 2F
1-1: Ball
2-1: Swinging Strike
2-2: Ball
3-2: Ground out 6-3 (Groundball, 6MS)
Bottom of the 5th over - 2 runs, 2 hits, 0 errors, 0 left on base; Mexico City 6 - Houston 4
TOP OF THE 6TH
Mexico City Cerveceros batting - Pitching for Houston Hammertime : RHP António Galindo
Batting: RHB Sergio Gómez 0-0: Foul Ball, location: 2F
0-1: Ball
1-1: Foul Ball, location: 2F
1-2: Foul Ball, location: 2F
1-2: Foul Ball, location: 2F
1-2: Ball
2-2: Strikes out looking
Batting: RHB Ricardo Remedios 0-0: Ball
1-0: Foul Ball, location: 2F
1-1: Ball
2-1: Fly out, F6 (Popup, 6MS)
Batting: RHB Robinson Pacheco 0-0: Called Strike
0-1: Foul Ball, location: 2F
0-2: Ball
1-2: Foul Ball, location: 2F
1-2: Foul Ball, location: 2F
1-2: Ball
2-2: Strikes out looking
Top of the 6th over - 0 runs, 0 hits, 0 errors, 0 left on base; Mexico City 6 - Houston 4
BOTTOM OF THE 6TH
Houston Hammertime batting - Pitching for Mexico City Cerveceros : RHP David Sheppard
Batting: LHB David Adams 0-0: Foul Ball, location: 2F
0-1: Ball
1-1: Fly out, F8 (Flyball, 8RM)
Batting: RHB Jorge Barbosa 0-0: Called Strike
0-1: Foul Ball, location: 2F
0-2: Ball
1-2: Ball
2-2: Ball
3-2: SINGLE (Line Drive, 7S)
Batting: RHB Juan Carlos 0-0: Ball
1-0: Foul Ball, location: 2F
1-1: Foul Ball, location: 2F
1-2: Ball
2-2: Foul Ball, location: 2F
2-2: Foul Ball, location: 2F
2-2: Grounds into double play, 5-4-3 (Groundball, 56)
Bottom of the 6th over - 0 runs, 1 hit, 0 errors, 0 left on base; Mexico City 6 - Houston 4
TOP OF THE 7TH
Mexico City Cerveceros batting - Pitching for Houston Hammertime : RHP António Galindo
Batting: LHB Mike Harris 0-0: SINGLE (Groundball, 4S) (infield hit)
Batting: LHB John Bond 0-0: Foul Ball, location: 2F
0-1: Ball
1-1: Ball
2-1: Called Strike
2-2: Ball
3-2: Strikes out swinging
Batting: RHB Esteban Concepción 0-0: Foul Ball, location: 2F
0-1: Foul Ball, location: 2F
0-2: Foul Ball, location: 2F
0-2: Foul Ball, location: 2F
0-2: Ball
1-2: Ball
2-2: Foul Ball, location: 2F
2-2: Strikes out looking
Mike Harris steals 2nd base
Batter strikes out.
Batting: RHB Juan Brieno 0-0: Foul Ball, location: 2F
0-1: Called Strike
Mike Harris steals 3rd base
0-2: Strikes out swinging
Top of the 7th over - 0 runs, 1 hit, 0 errors, 1 left on base; Mexico City 6 - Houston 4
BOTTOM OF THE 7TH
Houston Hammertime batting - Pitching for Mexico City Cerveceros : RHP David Sheppard
Pitching: LHP Jeremy Winston
Batting: LHB Francisco Cardenas 0-0: Called Strike
0-1: Foul Ball, location: 2F
0-2: Foul Ball, location: 2F
0-2: Ball
1-2: Ball
2-2: Fly out, F7 (Flyball, 78M)
Batting: LHB Marcos Cantú 0-0: Ball
1-0: Ball
2-0: Ball
3-0: Base on Balls
Pitching: RHP Manuel Zarate
Batting: RHB José García 0-0: Hit by Pitch
Marcos Cantú to second
Batting: LHB Dave Gordon 0-0: Swinging Strike
0-1: Ball
1-1: Foul Ball, location: 2F
1-2: Foul Ball, location: 2F
1-2: Foul Ball, location: 2F
1-2: Ball
2-2: Strikes out swinging
Batting: SHB Glenn Vadnais 0-0: Ground out U3 (Groundball, 34)
Bottom of the 7th over - 0 runs, 0 hits, 0 errors, 2 left on base; Mexico City 6 - Houston 4
TOP OF THE 8TH
Mexico City Cerveceros batting - Pitching for Houston Hammertime : RHP António Galindo
Batting: RHB Eliot James 0-0: Ball
1-0: Foul Ball, location: 2F
1-1: Called Strike
1-2: Ball
2-2: Strikes out swinging
Batting: RHB Mitchell Pate 0-0: Ball
1-0: Hit by Pitch
Batting: RHB Sergio Gómez 0-0: Swinging Strike
0-1: Ball
1-1: Foul Ball, location: 2F
1-2: Strikes out swinging
Batting: RHB Ricardo Remedios 0-0: Ball
1-0: Fielders Choice at 2nd, 5-4 (Groundball, 5)
Top of the 8th over - 0 runs, 0 hits, 0 errors, 1 left on base; Mexico City 6 - Houston 4
BOTTOM OF THE 8TH
Houston Hammertime batting - Pitching for Mexico City Cerveceros : RHP Manuel Zarate
Batting: RHB Raúl Salas 0-0: Ball
1-0: Swinging Strike
1-1: Ball
2-1: Ball
3-1: Base on Balls
Batting: LHB David Adams 0-0: Called Strike
0-1: Ball
1-1: Ball
2-1: Ball
3-1: Ground out U3 (Groundball, 23)
Raúl Salas to second
Batting: RHB Jorge Barbosa 0-0: Foul Ball, location: 2F
0-1: Swinging Strike
0-2: Hit by Pitch
Batting: RHB Juan Carlos 0-0: Called Strike
0-1: Ball
Wild Pitch!
Raúl Salas to third
Jorge Barbosa to second
1-1: Ground out 1-3 (Groundball, 13)
Batting: LHB Francisco Cardenas 0-0: Ground out 5-3 (Groundball, 5L)
Bottom of the 8th over - 0 runs, 0 hits, 0 errors, 2 left on base; Mexico City 6 - Houston 4
TOP OF THE 9TH
Mexico City Cerveceros batting - Pitching for Houston Hammertime : RHP António Galindo
Batting: RHB Robinson Pacheco 0-0: Ball
1-0: Called Strike
1-1: SINGLE (Line Drive, 6MD)
Batting: LHB Mike Harris 0-0: Ball
1-0: Called Strike
1-1: Ball
2-1: Foul Ball, location: 2F
2-2: Strikes out swinging
Batting: LHB John Bond 0-0: Ball
1-0: Foul Ball, location: 2F
1-1: SINGLE (Groundball, 34)
Robinson Pacheco to second
Runner from 2nd tries for 3rd, SAFE, no throw
Batting: RHB Esteban Concepción 0-0: Fly out, F4 (Popup, 4MD)
Batting: RHB Juan Brieno 0-0: Called Strike
0-1: Ball
1-1: Foul Ball, location: 2F
1-2: Strikes out swinging
Top of the 9th over - 0 runs, 2 hits, 0 errors, 2 left on base; Mexico City 6 - Houston 4
BOTTOM OF THE 9TH
Houston Hammertime batting - Pitching for Mexico City Cerveceros : RHP Manuel Zarate
Pitching: RHP Juan Ríos
Batting: LHB Marcos Cantú 0-0: Ball
1-0: SOLO HOME RUN (Flyball, 9D), Distance : 369 ft
Batting: RHB José García 0-0: Called Strike
0-1: Ball
1-1: Foul Ball, location: 2F
1-2: Foul Ball, location: 2F
1-2: Ball
2-2: Foul Ball, location: 2F
2-2: Ground out 5-3 (Groundball, 25)
Batting: LHB Dave Gordon 0-0: Foul Ball, location: 2F
0-1: Fly out, F7 (Flyball, 7)
Batting: SHB Glenn Vadnais 0-0: Fly out, F8 (Flyball, 8LD)
Bottom of the 9th over - 1 run, 1 hit, 0 errors, 0 left on base; Mexico City 6 - Houston 5
Saturday, April 7th, 2018 - OOTP Baseball 18.8 Build 76